 Dungeon Crawl Stone Soup version 0.23-a0-619-g281719c (webtiles) character file.

4246 Borgoz the Skirmisher (level 10, -3/87 (88) HPs)
             Began as a Ghoul Abyssal Knight on Dec 22, 2018.
             Was an Elder of Lugonu.
             Slain by a purple ugly thing (10 damage)
             ... on level 11 of the Dungeon.
             The game lasted 00:21:43 (11516 turns).

Borgoz the Skirmisher (Ghoul Abyssal Knight)       Turns: 11516, Time: 00:21:44

HP:   -3/87 (88)    AC:  9    Str: 17    XL:     10   Next: 30%
MP:   14/14         EV: 13    Int: 13    God:    Lugonu [****..]
Gold: 46            SH:  0    Dex: 11    Spells: 9/9 levels left

rFire    . . .     SeeInvis .   a - +1 hand axe
rCold    + . .     Gourm    .   (no shield)
rNeg     + + +     Faith    .   m - +1 ring mail
rPois    ∞         Spirit   .   (no helmet)
rElec    .         Reflect  .   (no cloak)
rCorr    +         Harm     .   w - +1 pair of gloves
MR       .....                  (no boots)
Stlth    +.........             (no amulet)
HPRegen  0.00/turn              j - +6 ring of intelligence
MPRegen  0.14/turn              n - ring of resist corrosion

@: marked, rotting
A: rotting body, claws 1, carnivore, cold resistance 1, negative energy
resistance 3, inhibited regeneration, torment resistance, unbreathing
a: Depart the Abyss, Bend Space, Banish, Corrupt, Renounce Religion


You were on level 11 of the Dungeon.
You worshipped Lugonu.
Lugonu was greatly pleased with you.
You were not hungry.

You visited 3 branches of the dungeon, and saw 13 of its levels.
You visited the Abyss 1 time.

You collected 46 gold pieces.

Inventory:

Hand Weapons
 a - a +1 hand axe (weapon)
Armour
 m - a +1 ring mail (worn)
 w - a +1 pair of gloves (worn)
Jewellery
 j - a +6 ring of intelligence (left hand)
 n - a ring of resist corrosion (right hand)
 z - an uncursed ring of ice
Wands
 g - a wand of random effects (18)
 r - a wand of enslavement (8)
Scrolls
 b - a scroll of enchant weapon {unknown}
 h - 6 scrolls of remove curse
 l - a scroll of amnesia
 o - a scroll of holy word {unknown}
 q - a scroll of fear
 u - a scroll of magic mapping {unknown}
 v - 2 scrolls of torment {unknown}
 y - a scroll of enchant armour
Potions
 e - a potion of resistance
 i - 2 potions of haste
 k - a potion of brilliance
 s - 3 potions of curing
 t - a potion of flight
 x - a potion of magic
Comestibles
 c - 19 rations


   Skills:
 + Level 7.9 Fighting
 + Level 6.2 Axes
 + Level 6.3 Armour
 + Level 6.0 Dodging
 + Level 7.4 Invocations


You had 9 spell levels left.
You didn't know any spells.
Your spell library contained the following spells:

 Spells                   Type           Power        Failure   Level  Hunger
 Animate Skeleton         Necr           N/A          45%         1    ##.....
 Apportation              Tloc           #.....       45%         1    ##.....
 Confusing Touch          Hex            #.....       45%         1    ##.....
 Pain                     Necr           #...         45%         1    ##.....
 Sting                    Conj/Pois      #...         45%         1    ##.....
 Summon Small Mammal      Summ           #...         45%         1    ##.....
 Poisonous Vapours        Pois/Air       #.....       61%         2    ###....
 Conjure Flame            Conj/Fire      #.......     83%         3    ####...
 Mephitic Cloud           Conj/Pois/Air  #.......     83%         3    ####...
 Regeneration             Chrm/Necr      #.........   83%         3    ####...
 Vampiric Draining        Necr           #.........   83%         3    ####...
 Animate Dead             Necr           N/A          99%         4    #####..
 Olgreb's Toxic Radiance  Pois           #.......     99%         4    #####..
 Venom Bolt               Conj/Pois      #.........   100%        5    ######.
 Freezing Cloud           Conj/Ice/Air   #.........   100%        6    #######
 Ring of Flames           Chrm/Fire      #.........   100%        7    #######


Dungeon Overview and Level Annotations

Branches:
Dungeon (11/15)            Temple (1/1) D:7            Lair (1/6) D:8
    Orc: D:9-12

Altars:
Ashenzari
Cheibriados
Elyvilon
Fedhas
Gozag
Hepliaklqana
Kikubaaqudgha
Makhleb
Nemelex Xobeh
Okawaru
Qazlal
Ru
Sif Muna
Trog
Uskayaw
Vehumet
Wu Jian
Xom
Yredelemnul
Zin
The Shining One

Shops:
D:4 ::?*   D:5 *   D:7 (

Annotations:
D:8 Maurice
D:9 1 runed door, Gastronok
D:11 Harold


Innate Abilities, Weirdness & Mutations

Your body is rotting away.
You thrive on raw meat.
You are immune to poison.
You have sharp fingernails.
You are carnivorous and can eat meat at any time.
Your flesh is cold resistant. (rC+)
You are immune to negative energy. (rN+++)
You do not regenerate when monsters are visible.
You are immune to unholy pain and torment.
You can survive without breathing.


Message History

A purple ugly thing comes into view.
The purple ugly thing gurgles horribly!
A manticore comes into view.
A leopard gecko, an adder and a wight come into view.
The teleport trap disappears.
The manticore disappears!
The wight hits you but does no damage. The wight barely misses you.
You barely miss the wight.
You hit the purple ugly thing but do no damage.
The purple ugly thing barely misses you.
The wight hits you but does no damage.
You barely miss the wight.
You hit the purple ugly thing but do no damage.
The purple ugly thing headbutts you!!
* * * LOW HITPOINT WARNING * * *
The wight completely misses you.
You hit the wight but do no damage. You hit the purple ugly thing.
You hear a bark!
You hear a horrible gurgling sound!
The purple ugly thing headbutts you!
You die...

... #.# #.# #.#
#.# ###.####
#......#
.########.#.##.#
.....lz@u.#.##.#
.....S#####.##.#
.#### #.#.#.#
#..# #.. #.# ###
#.# . #


You could see a purple ugly thing, a wight, an adder and a leopard gecko.

Vanquished Creatures
  2 yaks (D:8)
  2 water moccasins
  A porcupine (Lair:1)
  2 sky beasts
  2 ice beasts
  A phantom (D:5)
  An orc warrior (Temple)
  2 centaurs (D:5)
  3 ogres
  A crocodile (Lair:1)
  7 bullfrogs
  2 scorpions
  A water moccasin skeleton (D:4)
  3 wights (D:8)
  2 howler monkeys (D:6)
  3 jellies
  2 crimson imps
  A centaur zombie (D:5)
  3 hounds
  A quasit (D:5)
  2 centaur skeletons
  4 orc priests
  10 orc wizards
  4 bullfrog skeletons
  An iguana (D:4)
  3 worker ants
  A hound skeleton (D:5)
  A worker ant zombie (D:7)
  8 gnolls
  7 adders
  A shadow imp (D:6)
  5 oozes
  An adder zombie (D:8)
  An adder skeleton (D:8)
  2 worms
  3 dart slugs
  6 leopard geckos
  34 orcs
  3 ball pythons
  5 bats
  5 giant cockroaches
  2 gnoll zombies (D:5)
  5 goblins
  5 hobgoblins
  2 jackals (D:2)
  9 kobolds
  10 quokkas
  2 frilled lizards (D:1)
  A jackal skeleton (D:4)
  A quokka skeleton (D:5)
  5 rats
191 creatures vanquished.

Vanquished Creatures (others)
  A two-headed ogre (D:8)
  A spiny frog (Lair:1)
  A yak (D:8)
  A hound (D:7)
4 creatures vanquished.

Grand Total: 195 creatures vanquished

Notes
Turn   | Place    | Note
-------+----------+-------------------------------------------
     0 | Abyss:1  | Borgoz the Ghoul Abyssal Knight began the quest for the
                  | Orb.
     0 | Abyss:1  | Reached XP level 1. HP: 19/19 MP: 1/1
     2 | Abyss:1  | Found a corrupted altar of Lugonu.
   110 | Abyss:1  | Noticed a wretched star
   111 | D:1      | Escaped the Abyss
   119 | D:1      | Reached skill level 1 in Dodging
   400 | D:1      | Reached XP level 2. HP: 26/26 MP: 2/2
   435 | D:1      | Reached * piety under Lugonu
   618 | D:1      | You fall through a shaft!
   647 | D:2      | Reached XP level 3. HP: 29/31 MP: 3/3
   659 | D:2      | Found a shattered altar of Ashenzari.
   914 | D:1      | Reached ** piety under Lugonu
  1322 | D:2      | Reached XP level 4. HP: 38/39 MP: 4/4
  1405 | D:2      | Found a glowing silver altar of Zin.
  2088 | D:3      | Found a snail-covered altar of Cheibriados.
  2161 | D:4      | Found Ripsiore's Assorted Antiques.
  2191 | D:3      | Reached XP level 5. HP: 29/46 MP: 6/6
  2694 | D:4      | Reached *** piety under Lugonu
  2727 | D:4      | Reached XP level 6. HP: 8/52 MP: 7/7
  2772 | D:4      | Found a hazy altar of Hepliaklqana.
  3001 | D:4      | Found Qock's Book Shoppe.
  3028 | D:4      | Found Ovism's Magic Scroll Boutique.
  3135 | D:4      | Found Vemuemuf's Book Boutique.
  3461 | D:5      | Entered Level 5 of the Dungeon
  3771 | D:5      | Reached XP level 7. HP: 33/60 MP: 8/8
  4022 | D:5      | Reached skill level 5 in Fighting
  4801 | D:5      | Reached XP level 8. HP: 23/68 MP: 10/10
  5350 | D:5      | Found an opulent altar of Gozag.
  5354 | D:5      | Found Gozag's Platinum Reserve.
  5436 | D:5      | Found a basalt altar of Yredelemnul.
  5527 | D:6      | Found a white marble altar of Elyvilon.
  5570 | D:6      | Reached skill level 5 in Invocations
  5571 | D:6      | Reached **** piety under Lugonu
  6319 | D:6      | Found a deep blue altar of Sif Muna.
  6848 | D:6      | Reached XP level 9. HP: 47/76 MP: 12/12
  7217 | D:7      | Found a shimmering altar of Xom.
  7302 | D:7      | Reached skill level 5 in Armour
  7528 | D:7      | Reached skill level 5 in Axes
  7542 | D:7      | Found a staircase to the Ecumenical Temple.
  7560 | Temple   | Entered the Ecumenical Temple
  8210 | D:7      | Reached skill level 5 in Dodging
  8316 | D:7      | Found Woerrybb's Weapon Shop.
  8657 | D:8      | Noticed Maurice
  8978 | D:9      | Noticed Gastronok
  9166 | D:8      | Reached ***** piety under Lugonu
  9237 | D:8      | Found a staircase to the Lair.
  9676 | D:8      | Noticed a two-headed ogre
  9682 | D:8      | Banished a two-headed ogre
  9682 | D:8      | Reached XP level 10. HP: 72/86 MP: 14/14
 10470 | D:9      | Found a runed gate.
 10470 | D:9      | Noticed a green very ugly thing
 10473 | D:9      | Noticed a glowing orange brain
 10535 | D:8      | HP: 2/88 [yak (12)]
 10763 | Lair:1   | Entered Level 1 of the Lair of Beasts
 10971 | Lair:1   | Noticed a spiny frog
 10975 | Lair:1   | Banished a spiny frog
 11111 | D:9      | Noticed a two-headed ogre
 11118 | D:10     | Entered Level 10 of the Dungeon
 11118 | D:10     | Noticed a centaur warrior
 11478 | D:11     | Noticed a brown ugly thing
 11496 | D:11     | Noticed Harold
 11507 | D:11     | Noticed a purple ugly thing
 11510 | D:11     | Noticed a manticore
 11516 | D:11     | Slain by a purple ugly thing

Vault maps used:
D:1:      minmay_arrival_four_loops
D:2:      lemuel_round_altar, old_standard_altar, serial_glass, glass_columns_c,
          glass_columns_a, cheibrodos_gnoll_hut
D:3:      cheibriados_altar_1
D:4:      lemuel_doored_altar, serial_shops, shop, nicolae_shop_window_shopping,
          nicolae_shop_overgrown_old_shop, shop
D:5:      lemuel_zombie_altar_yredelemnul, first_ration, serial_park_tiny_1,
          hangedman_decor_clover_reticule, nicolae_gozag_zags_fifth_avenue
D:6:      lemuel_round_altar, elyvilon_altar_5
D:7:      xom_confusion_cloud, minmay_temple_entry_purple_smoke, serial_shops,
          nicolae_shop_behind_doors
D:8:      lair_entry_dummy, uniq_maurice
D:9:      lemuel_round_altar, ploomutoo_gammafunk_ghost_potion_laboratory,
          serial_shops, shop, blue_anna_alchemist, uniq_gastronok
D:10:     serial_shops, nicolae_shop_stone, minmay_unpleasant_kobolds,
          uniq_joseph
D:11:     uniq_harold
Temple:   nicolae_temple_great_sept
Lair:1:   lemuel_fruit_fields

Skill      XL: |  1  2  3  4  5  6  7  8  9 10 |
---------------+-------------------------------+-----
Dodging        | 1 2 3 4 5 6 |  6.0
Armour         | 2 3 4 5 6 |  6.3
Axes           | 2 3 4 5 6 |  6.2
Fighting       | 4 5 6 7 |  7.9
Invocations    | 3 4 5 7 |  7.4

Action                   |  1- 3 |  4- 6 |  7- 9 | 10-12 || total
-------------------------+-------+-------+-------+-------++-------
Melee: Hand axe          |    37 |   207 |   702 |   165 ||  1111
       Whip              |    48 |     8 |       |       ||    56
Invok: Depart the Abyss  |     1 |       |       |       ||     1
       Banish            |       |       |       |     4 ||     4
Evoke: Wand              |       |       |     2 |       ||     2
  Use: Potion            |       |     1 |     3 |     2 ||     6
       Scroll            |       |    11 |       |    10 ||    21
  Eat: Chunk             |     2 |    10 |    52 |     9 ||    73
Armor: Leather armour    |    31 |     1 |       |       ||    32
       Ring mail         |       |    91 |   321 |    70 ||   482
Dodge: Dodged            |    68 |   158 |   518 |   135 ||   879

Table legend:
 A = Non-vault XP
 B = Vault XP
 C = Vault XP percentage of total XP
 D = Non-vault monster count
 E = Vault monster count
 F = Vault count percentage of total count
                 A         B        C        D         E       F
            +---------+---------+-------+---------+---------+-------
      Total |    6044 |      22 |   0.4 |     189 |       5 |   2.6
            +---------+---------+-------+---------+---------+-------
        D:1 |      54 |       0 |   0.0 |      25 |       0 |   0.0
        D:2 |      49 |      18 |  26.9 |      18 |       3 |  14.3
        D:3 |      69 |       0 |   0.0 |      20 |       0 |   0.0
        D:4 |     328 |       0 |   0.0 |      17 |       0 |   0.0
        D:5 |     907 |       4 |   0.4 |      21 |       2 |   8.7
        D:6 |    1026 |       0 |   0.0 |      26 |       0 |   0.0
        D:7 |     760 |       0 |   0.0 |      18 |       0 |   0.0
        D:8 |    1891 |       0 |   0.0 |      29 |       0 |   0.0
        D:9 |      62 |       0 |   0.0 |       5 |       0 |   0.0
       D:10 |       1 |       0 |   0.0 |       1 |       0 |   0.0
     Temple |     301 |       0 |   0.0 |       5 |       0 |   0.0
     Lair:1 |     596 |       0 |   0.0 |       4 |       0 |   0.0
            +---------+---------+-------+---------+---------+-------
